 Dungeon Crawl Stone Soup version 0.30-a0-136-gea98e250e0 (webtiles) character file.

Game seed: 13773043460710572869

28 Edik23 the Ducker (level 3, 0/28 HPs)
             Began as a Merfolk Gladiator on Sept 21, 2022.
             Slain by an endoplasm (2 damage)
             ... on level 1 of the Dungeon.
             The game lasted 00:13:00 (1341 turns).

Edik23 the Ducker (Merfolk Gladiator)               Turns: 1341, Time: 00:13:00

Health: 0/28       AC:  4    Str: 16    XL:     3   Next: 12%
Magic:  3/3        EV: 10    Int:  7    God:
Gold:   50         SH:  0    Dex: 15    Spells: 2/2 levels left

rFire   . . .      SeeInvis .    h - +0 long sword
rCold   . . .      Faith    .    (no shield)
rNeg    . . .      Spirit   .    b - +0 leather armour
rPois   .          Reflect  .    c - +0 helmet
rElec   .          Harm     .    (no cloak)
rCorr   .          Rampage  .    (no gloves)
Will    .....                    (no boots)
Stlth   +.........               (no amulet)
HPRegen 0.09/turn                (no ring)
MPRegen 0.08/turn                (no ring)

@: constricted
A: (nimble swimmer 2), mertail
a: no special abilities


You were on level 1 of the Dungeon.
You visited 1 branch of the dungeon, and saw 1 of its levels.

You collected 50 gold pieces.

Inventory:

Hand Weapons
 a - a +0 rapier
 h - a +0 long sword (weapon)
 i - a +0 dagger
 j - a +0 spear
 l - a +0 dagger
 m - a +0 sling
 n - a +0 club
 q - a +0 whip
Missiles
 d - 3 throwing nets (quivered)
 e - a javelin
Armour
 b - a +0 leather armour (worn)
 c - a +0 helmet (worn)
Scrolls
 f - 3 scrolls of identify {unknown}
 k - a scroll of noise {unknown}
 p - a scroll of enchant armour {unknown}
Potions
 g - a potion of curing {unknown}
 o - a potion of heal wounds {unknown}


   Skills:
 + Level 2.7 Fighting
 + Level 3.9 Short Blades
 + Level 0.2 Ranged Weapons
 + Level 2.1 Throwing
 + Level 0.1 Armour
 + Level 4.5 Dodging
 + Level 0.2 Stealth


You had 2 spell levels left.
You didn't know any spells.
Your spell library contained the following spells:

 Spells                   Type           Power      Damage    Failure   Level
 Ensorcelled Hibernation  Hex/Ice        0%         N/A       65%         2
 Spider Form              Tmut/Pois      0%         N/A       86%         3
 Anguish                  Hex/Necr       0%         N/A       99%         4
 Dispersal                Tloc           0%         N/A       100%        6
 Disjunction              Tloc           0%         N/A       100%        8


Dungeon Overview and Level Annotations

Branches:
Dungeon (1/15)

Altars:


Innate Abilities, Weirdness & Mutations

((You are very nimble when in or above water. (Stealth+, EV+, Speed+++)))
Your lower body shifts to a powerful aquatic tail in water.


Message History

You closely miss the ball python. The ball python barely misses you.
The ball python closely misses you. x2; The ball python grabs you.
The ball python constricts you.
You hit the ball python but do no damage.
The ball python bites you. The ball python constricts you.
You hit the ball python.
The ball python is moderately wounded.
The ball python barely misses you. The ball python constricts you.
The ball python barely misses you. The ball python constricts you.
You hit the endoplasm but do no damage. The ball python closely misses you.
The ball python constricts you. The endoplasm freezes you.
You are frozen.
The ball python bites you but does no damage.
The ball python constricts you.
You barely miss the endoplasm. The endoplasm freezes you.
You are frozen.
The ball python barely misses you. The ball python constricts you.
You completely miss the endoplasm.
The ball python bites you but does no damage.
The ball python constricts you. The endoplasm freezes you.
You are frozen.
The ball python bites you but does no damage.
The ball python constricts you.
* * * LOW HITPOINT WARNING * * *
The endoplasm freezes you.
You are frozen.
* * * LOW HITPOINT WARNING * * *
You barely miss the endoplasm. The ball python barely misses you.
The ball python constricts you. The endoplasm freezes you.
You are frozen.
* * * LOW HITPOINT WARNING * * *
You hit the endoplasm.
The endoplasm is heavily wounded.
The ball python bites you but does no damage.
The ball python constricts you. The endoplasm hits you.
You die...

..### #.# ###
#.## .... .##..
## #. ..!.# #
#.#.# # ...#.#
##### #.##S##.#
#...# #...@...#
#.#.#.#####J###
#.#.#.........#
#.##########..##
#........####..##
.#
########.##.....#
.# #.##...#.# .#
#.##...#.####
##.#
#.##...#....#
#..#


You could see an endoplasm and a ball python.

Vanquished Creatures
  5 ball pythons (D:1)
  2 bats (D:1)
  4 endoplasms (D:1)
  2 goblins (D:1)
  A hobgoblin (D:1)
  4 jackals (D:1)
  2 quokkas (D:1)
  A frilled lizard (D:1)
  A rat (D:1)
22 creatures vanquished.

Notes
Turn   | Place    | Note
-------+----------+-------------------------------------------
     0 | D:1      | Edik23 the Merfolk Gladiator began the quest for the Orb.
     0 | D:1      | Reached XP level 1. HP: 16/16 MP: 1/1
   226 | D:1      | Reached XP level 2. HP: 13/23 MP: 2/2
   517 | D:1      | Found a faded altar of an unknown god.
   896 | D:1      | Reached XP level 3. HP: 15/28 MP: 3/3
  1341 | D:1      | Slain by an endoplasm

Illustrated notes

Levels and vault maps discovered:
D:1:      scummos_arrival_star, layout_basic,
          chequers_ecumenical_altar_simple_redux, chequers_serial_rivers_small_a

Action                   || total
-------------------------++-------
Melee: Spear             ||     9
       Long sword        ||    15
       Rapier            ||    44
       Club              ||     9
       Punch             ||     3
 Fire: Sling             ||    14
Throw: Throwing net      ||     4
 Stab: Held in net/web   ||     1
Armor: Leather armour    ||    49
Dodge: Dodged            ||   120

Table legend: (Time is in decaauts)
 A = Elapsed time spent in this place.
 B = Non-inter-level travel time spent in this place.
 C = Inter-level travel time spent in this place.
 D = Time resting spent in this place.
 E = Time spent auto-exploring this place.
 F = Levels seen in this place.
 G = Mean time per level.
                   A        B        C        D        E       F      G
               +--------+--------+--------+--------+--------+-----+--------+
         Total |   1335 |    368 |    967 |      0 |      0 |   1 | 1335.0 |
       Dungeon |   1335 |    368 |    967 |      0 |      0 |   1 | 1335.0 |
               +--------+--------+--------+--------+--------+-----+--------+

Top non-repeatable levels by time:
     D:1: 1335 daAuts
